 Dungeon Crawl Stone Soup version 0.19.4-8-ga85b6b9 (webtiles) character file.

10896 winWinterter the Carver (level 12, -18/103 HPs)
             Began as a Formicid Venom Mage on Feb 13, 2017.
             Was a High Priest of Okawaru.
             Demolished by a crystal guardian (21 damage)
             ... on level 9 of the Dungeon.
             The game lasted 01:02:23 (12906 turns).

winWinterter the Carver (Formicid Venom Mage)      Turns: 12906, Time: 01:02:24

Health: -18/103    AC: 16    Str: 14    XL:     12   Next: 1%
Magic:  19/19      EV: 11    Int: 17    God:    Okawaru [*****.]
Gold:   478        SH:  0    Dex: 14    Spells: 3 memorised, 11 levels left

rFire  . . .     SeeInvis +     y - +2 great sword
rCold  . . .     Gourm    .     G - +2 scale mail {rPois}
rNeg   . . .     Faith    .     (no shield)
rPois  +         Spirit   .     (helmet unavailable)
rElec  .         Reflect  .     s - +2 cloak
rCorr  .         Harm     .     a - +2 pair of gloves {Str+3}
MR     +....                    e - +1 pair of boots {Stlth+}
Stlth  +++.......               A - amulet of regeneration
                                (no ring)
                                p - ring of flight

@: no status effects
A: permanent stasis, dig shafts and tunnels, four strong arms, antennae 3,
robust 1, weak 1, MP-powered wands
a: Dig, Shaft Self, Heroism, Finesse, Renounce Religion, Evoke Flight


You were on level 9 of the Dungeon.
You worshipped Okawaru.
Okawaru was extremely pleased with you.
You were hungry.

You visited 3 branches of the dungeon, and saw 13 of its levels.

You collected 478 gold pieces.

Inventory:

Hand Weapons
 u - a +0 falchion
 y - a +2 great sword (weapon)
Armour
 a - a +2 pair of gloves of strength (worn)
 d - a +0 buckler
 e - a +1 pair of boots of stealth (worn)
 q - a +2 pair of boots
 s - a +2 cloak (worn)
 C - the +1 robe of the Sea {rElec Dex+4 Stlth+}
   (You found it on level 5 of the Dungeon)

   It affects your dexterity (+4).
   It insulates you from electricity.
   It makes you more stealthy.
 G - a +2 scale mail of poison resistance (worn)
Jewellery
 p - a ring of flight (left hand)
 A - an amulet of regeneration (around neck)
 E - an uncursed amulet of harm
 F - an uncursed amulet of magic regeneration {unknown}
Wands
 g - a wand of acid (6/15)
 i - a wand of confusion (18/48)
 v - a wand of enslavement (19/24)
 B - a wand of flame (30/48)
Scrolls
 f - 2 scrolls of recharging
 k - 8 scrolls of remove curse
 l - a scroll of fear
 o - 6 scrolls of identify
Potions
 j - a potion of curing {unknown}
 t - 3 potions of agility
 x - a potion of magic
Books
 b - a Young Poisoner's Handbook

   Spells                             Type                      Level
   a - Sting                          Conjuration/Poison           1
   b - Mephitic Cloud                 Conjuration/Poison/Air       3
   c - Olgreb's Toxic Radiance        Poison                       4
   d - Alistair's Intoxication        Transmutation/Poison         5
   e - Venom Bolt                     Conjuration/Poison           5
 r - a book of Changes

   Spells                             Type                      Level
   a - Beastly Appendage              Transmutation                1
   b - Sticks to Snakes               Transmutation                2
   c - Spider Form                    Transmutation/Poison         3
   d - Ice Form                       Ice/Transmutation            4
   e - Blade Hands                    Transmutation                5
Comestibles
 c - 13 bread rations
 h - a royal jelly
 n - 2 meat rations


   Skills:
 * Level 8.4 Fighting
   Level 0.6(7.4) Short Blades
 * Level 11.6 Long Blades
   Level 0.4 Maces & Flails
 + Level 1.5 Armour
 + Level 4.2 Dodging
 + Level 4.9 Stealth
 + Level 4.7 Spellcasting
 * Level 3.8 Conjurations
 + Level 0.7 Air Magic
 * Level 9.5 Poison Magic
 * Level 5.3 Invocations


You had 11 spell levels left.
You knew the following spells:

 Your Spells              Type           Power        Failure   Level  Hunger
a - Sting                 Conj/Pois      ####         6%          1    None
b - Mephitic Cloud        Conj/Pois/Air  ###.....     34%         3    ###....
c - Venom Bolt            Conj/Pois      ####......   95%         5    ######.


Dungeon Overview and Level Annotations

Branches:
Dungeon (10/15)            Temple (1/1) D:5            Lair (2/6) D:8
  Swamp: Lair:2-4    Shoals: Lair:2-4     Snake: Lair:2-4    Spider: Lair:2-4
    Orc: D:9-12

Altars:
Ashenzari
Cheibriados
Dithmenos
Elyvilon
Fedhas
Gozag
Hepliaklqana
Kikubaaqudgha
Makhleb
Nemelex Xobeh
Okawaru
Qazlal
Ru
Sif Muna
Trog
Uskayaw
Vehumet
Xom
Yredelemnul
Zin
The Shining One

Shops:
D:4 %   D:8 %

Annotations:
D:6 itsmu's ghost, novice KoTm
Lair:1 Gastronok


Innate Abilities, Weirdness & Mutations

You are under a permanent stasis effect.
You can dig through walls and to a lower floor.
Your four strong arms can wield two-handed weapons with a shield.
You have a pair of large antennae on your head. (SInv)
You are robust. (+10% HP)
You are weak. (Str -2)
You expend magic power (3 MP) to strengthen your wands.


Message History

The orc closely misses you.
You riposte.
You hit the orc.
The orc is severely wounded.
You climb upwards.
There is a stone staircase leading down here.
Unknown command.
You hit the crystal guardian.
The crystal guardian is lightly damaged.
The orc warrior barely misses you. The orc barely misses you.
You riposte.
You hit the orc but do no damage.
The crystal guardian fires a crystalline bolt at you.
The crystal bolt freezes you!
* * * LOW HITPOINT WARNING * * *
The crystal bolt freezes the orc.
The orc dies!
The orc misses you.
You hit the orc warrior but do no damage.
The orc warrior hits you with a short sword.
* * * LOW HITPOINT WARNING * * *
The crystal guardian hits you!!
You die...

##......?....P..####..#
#.........8..........#########
#.8...8.P..P..)........)......
#8...P........######.#########
##..P..88...8.# #.# #
#............# #.# #
#..##..####..# #.# # #.....##
#o8# #.# # #..#### #o@# #.# #
#..# #.)# #.# # #..# #..# #
#..# #..# #..# #..# #..# #..#
#..# #..# #####..# #..#
.......#


You could see a crystal guardian, an orc warrior and an orc.

Vanquished Creatures
  The ghost of protoss039 the Archer, a novice CeBe of Trog (D:9)
  4 centaur zombies
  3 spiny frogs
  A komodo dragon (Lair:1)
  A redback zombie (D:9)
  2 hellwings (D:9)
  2 trolls
  3 hippogriffs (Lair:1)
  A spriggan (D:8)
  A wyvern (Lair:2)
  3 soldier ants (Lair:2)
  3 water moccasins
  4 porcupines
  3 orc warriors
  3 sky beasts
  3 ogres
  4 centaurs
  3 crocodiles
  3 big kobolds
  9 bullfrogs
  A gnoll sergeant (D:8)
  A wyvern zombie (D:9)
  A wyvern skeleton (D:9)
  A water moccasin skeleton (D:4)
  5 killer bees (D:7)
  4 wights
  3 crimson imps
  4 hounds
  15 orc wizards
  6 orc priests
  Crazy Yiuf (D:5)
  2 iguanas
  2 jellies
  3 centaur skeletons
  A gnoll shaman (D:6)
  10 worker ants
  A howler monkey zombie (D:7)
  7 gnolls
  9 adders
  5 shadow imps
  An ooze (D:6)
  An adder zombie (D:8)
  2 adder skeletons (D:7)
  4 worms
  A dart slug (D:1)
  4 leopard geckos
  30 orcs
  10 bats
  4 giant cockroaches
  4 goblins
  5 hobgoblins
  3 jackals (D:5)
  24 kobolds
  3 quokkas
  2 ball pythons
  6 frilled lizards
  A jackal skeleton (D:5)
  10 rats
  A fungus (D:6)
255 creatures vanquished.

Vanquished Creatures (collateral kills)
  A killer bee (D:7)
  A worker ant (Lair:2)
2 creatures vanquished.

Vanquished Creatures (others)
  An orc (D:9)
1 creature vanquished.

Grand Total: 258 creatures vanquished

Notes
Turn   | Place    | Note
-------+----------+-------------------------------------------
     0 | D:1      | winWinterter the Formicid Venom Mage began the quest for the Orb.
     0 | D:1      | Reached XP level 1. HP: 13/13 MP: 3/3
   228 | D:1      | Reached XP level 2. HP: 19/19 MP: 1/5
   589 | D:1      | Reached XP level 3. HP: 19/24 MP: 2/6
  1319 | D:2      | Reached XP level 4. HP: 28/31 MP: 2/7
  1368 | D:2      | Found a white marble altar of Elyvilon.
  1543 | D:2      | Found a faded altar of an unknown god.
  1543 | D:2      | Found a faded altar of an unknown god.
  1604 | D:2      | Found a faded altar of an unknown god.
  1621 | D:2      | Found a faded altar of an unknown god.
  1624 | D:2      | Found a hazy altar of Hepliaklqana.
  2289 | D:3      | Learned a level 3 spell: Mephitic Cloud
  2330 | D:2      | Reached skill level 1 in Fighting
  2330 | D:2      | Reached skill level 1 in Conjurations
  2330 | D:2      | Reached XP level 5. HP: 21/37 MP: 6/9
  3472 | D:4      | Found Uphul's Food Shoppe.
  3760 | D:4      | Found a burning altar of Makhleb.
  3761 | D:4      | Found a shimmering altar of Xom.
  4042 | D:4      | Reached skill level 1 in Long Blades
  4042 | D:4      | Reached XP level 6. HP: 8/44 MP: 10/10
  4262 | D:4      | Found a glowing golden altar of the Shining One.
  4629 | D:5      | Entered Level 5 of the Dungeon
  5011 | D:5      | Reached skill level 2 in Long Blades
  5221 | D:5      | Reached XP level 7. HP: 37/52 MP: 12/12
  5375 | D:5      | Found a runed door.
  5487 | D:5      | Found a staircase to the Ecumenical Temple.
  5496 | Temple   | Entered the Ecumenical Temple
  5723 | Temple   | Became a worshipper of Warmaster Okawaru
  5971 | D:5      | Got a colourful robe
  5982 | D:5      | Identified the +1 robe of the Sea {rElec Dex+4 Stlth+} (You found it on level 5 of the Dungeon)
  6212 | D:5      | Noticed Crazy Yiuf
  6217 | D:5      | Killed Crazy Yiuf
  6403 | D:6      | Learned a level 5 spell: Venom Bolt
  6410 | D:6      | Identified a scroll of acquirement
  6423 | D:6      | Reached skill level 3 in Long Blades
  6498 | D:6      | Reached * piety under Okawaru
  6599 | D:6      | Reached skill level 4 in Long Blades
  6636 | D:6      | Reached XP level 8. HP: 60/60 MP: 10/13
  6705 | D:6      | Found a sacrificial altar of Ru.
  7018 | D:6      | Found an opulent altar of Gozag.
  7039 | D:6      | Reached skill level 5 in Long Blades
  7078 | D:6      | Noticed itsmu's ghost (novice KoTm)
  7159 | D:6      | Reached ** piety under Okawaru
  7425 | D:6      | Reached skill level 6 in Long Blades
  7624 | D:7      | Found a snail-covered altar of Cheibriados.
  7726 | D:7      | Reached XP level 9. HP: 54/67 MP: 10/14
  7817 | D:7      | Reached skill level 5 in Fighting
  7818 | D:7      | Reached skill level 7 in Long Blades
  8080 | D:7      | Reached *** piety under Okawaru
  8633 | D:6      | Reached skill level 8 in Long Blades
  8749 | D:8      | Found a shadowy altar of Dithmenos.
  8750 | D:8      | Found a radiant altar of Vehumet.
  8753 | D:8      | Found an ancient bone altar of Kikubaaqudgha.
  8753 | D:8      | Found a sparkling altar of Nemelex Xobeh.
  8781 | D:8      | Found a staircase to the Lair.
  9085 | D:8      | Found an iron altar of Okawaru.
  9097 | D:8      | Reached XP level 10. HP: 76/76 MP: 0/16
  9364 | D:8      | Reached **** piety under Okawaru
  9364 | D:8      | Reached skill level 9 in Long Blades
  9425 | D:8      | Found Diakkur's Food Boutique.
  9729 | D:9      | Noticed protoss039's ghost (novice CeBe)
  9737 | D:9      | Reached skill level 1 in Invocations
  9750 | D:9      | Killed protoss039's ghost
  9756 | D:9      | Reached ***** piety under Okawaru
  9809 | D:9      | Found a blossoming altar of Fedhas.
  9816 | D:9      | Found a stormy altar of Qazlal.
  9954 | Lair:1   | Entered Level 1 of the Lair of Beasts
 10067 | Lair:1   | Reached skill level 10 in Long Blades
 10130 | Lair:1   | Reached XP level 11. HP: 84/84 MP: 17/17
 11159 | Lair:1   | Noticed Gastronok
 11462 | D:8      | Gained mutation: You are weak. (Str -2) [potion of mutation]
 11462 | D:8      | Gained mutation: You expend magic power (3 MP) to strengthen your wands. [potion of mutation]
 11462 | D:8      | Gained mutation: You are robust. (+10% HP) [potion of mutation]
 11689 | Lair:2   | Received a gift from Okawaru
 11729 | Lair:2   | Noticed a four-headed hydra
 11753 | Lair:1   | Reached skill level 11 in Long Blades
 12359 | D:9      | Reached skill level 1 in Armour
 12545 | D:9      | Reached skill level 5 in Invocations
 12579 | D:9      | Noticed a crystal guardian
 12582 | D:9      | You fall through a shaft!
 12582 | D:10     | Entered Level 10 of the Dungeon
 12762 | D:10     | Noticed a hill giant
 12889 | D:10     | Reached XP level 12. HP: 103/103 MP: 19/19
 12905 | D:9      | HP: 5/103 [crystal guardian/crystal bolt (14)]
 12906 | D:9      | Demolished by a crystal guardian

Skill      XL: |  1  2  3  4  5  6  7  8  9 10 11 |
---------------+----------------------------------+-----
Poison Magic   | 6 7 8 9 |  9.5
Dodging        | 2 3 4 |  4.2
Fighting       | 1 2 3 4 5 7 8 |  8.4
Conjurations   | 1 2 3 |  3.8
Spellcasting   | 3 4 |  4.7
Long Blades    | 1 2 4 6 8 10 11 | 11.6
Stealth        | 3 4 |  4.9
Invocations    | 3 5 |  5.3
Armour         | 1 |  1.5
Short Blades   | |  0.6
Maces & Flails | |  0.4
Air Magic      | |  0.7

Action                   |  1- 3 |  4- 6 |  7- 9 | 10-12 || total
-------------------------+-------+-------+-------+-------++-------
Melee: Club              |    25 |     2 |       |       ||    27
       Unarmed           |     1 |       |       |       ||     1
       Short sword       |       |    25 |       |       ||    25
       Spear             |       |    23 |       |       ||    23
       Falchion          |       |   119 |       |       ||   119
       Great sword       |       |       |   205 |   313 ||   518
 Cast: Sting             |    46 |    76 |   111 |    92 ||   325
       Mephitic Cloud    |       |       |    13 |     8 ||    21
Invok: Heroism           |       |       |       |     3 ||     3
 Abil: Dig               |       |       |     3 |     3 ||     6
       Shaft Self        |       |       |       |     1 ||     1
  Use: Scroll            |       |     3 |    10 |     2 ||    15
       Potion            |       |       |     2 |     7 ||     9
 Stab: Sleeping          |     1 |     7 |     5 |     3 ||    16
       Confused          |       |       |     4 |     3 ||     7
       Distracted        |       |       |       |     1 ||     1
  Eat: Chunk             |     2 |     9 |     5 |     8 ||    24
       Royal jelly       |       |     1 |     1 |       ||     2
       Fruit             |       |     2 |       |     4 ||     6
       Meat ration       |       |       |     2 |       ||     2
Armor: Robe              |     5 |    72 |    98 |    45 ||   220
       Scale mail        |       |       |       |   158 ||   158
Dodge: Dodged            |    17 |   130 |   174 |   205 ||   526
       Rpst.: Falchion   |       |    31 |       |       ||    31
       Great sword       |       |       |    64 |    53 ||   117
